 Dungeon Crawl Stone Soup version 0.24-a0-415-g6d73c25c48 (webtiles) character file.

Game seed: 13401288026183073265

967 Gynju the Spear-Bearer (level 7, -5/57 HPs)
             Began as a Minotaur Fighter on June 8, 2019.
             Was a Believer of Okawaru.
             Slain by a centaur (6 damage)
             ... on level 5 of the Dungeon.
             The game lasted 00:11:06 (3904 turns).

Gynju the Spear-Bearer (Minotaur Fighter)           Turns: 3904, Time: 00:11:07

Health: -5/57      AC: 11    Str: 22    XL:     7   Next: 93%
Magic:  6/6        EV:  9    Int:  5    God:    Okawaru [**....]
Gold:   248        SH:  0    Dex: 10    Spells: 6/6 levels left

rFire    . . .     SeeInvis .   p - +0 trident
rCold    . . .     Gourm    .   (no shield)
rNeg     . . .     Faith    .   b - +0 scale mail
rPois    .         Spirit   .   (helmet restricted)
rElec    .         Reflect  .   s - +2 cloak
rCorr    .         Harm     .   j - +0 pair of gloves
MR       .....                  (no boots)
Stlth    +.........             (no amulet)
HPRegen  0.19/turn              r - ring of stealth
MPRegen  0.10/turn              (no ring)

@: no status effects
A: retaliatory headbutt, horns 2
a: Heroism, Renounce Religion


You were on level 5 of the Dungeon.
You worshipped Okawaru.
Okawaru was pleased with you.
You were not hungry.

You visited 1 branch of the dungeon, and saw 5 of its levels.

You collected 248 gold pieces.

Inventory:

Hand Weapons
 a - a +0 trident
 p - a +0 trident (weapon)
Missiles
 e - 2 boomerangs (quivered)
Armour
 b - a +0 scale mail (worn)
 c - a +0 shield
 j - a +0 pair of gloves (worn)
 s - a +2 cloak (worn)
Jewellery
 r - a ring of stealth (left hand)
Scrolls
 h - 2 scrolls of teleportation
 k - a scroll of magic mapping
Potions
 d - a potion of might
 i - 2 potions of cancellation
 l - a potion of ambrosia {unknown}
 m - a potion of heal wounds {unknown}
 o - a potion of degeneration {unknown}
 q - 3 potions of mutation {unknown}
 u - a potion of flight {unknown}
 v - a potion of curing {unknown}
Comestibles
 f - 5 rations


   Skills:
 - Level 3.6 Fighting
 * Level 11.0 Polearms
 - Level 0.3 Throwing
 - Level 3.6 Armour
 - Level 3.6 Shields


You had 6 spell levels left.
You didn't know any spells.
Your spell library contained the following spells:

 Spells                   Type           Power        Failure   Level  Hunger
 Magic Dart               Conj           #...         80%         1    ##.....
 Blink                    Tloc           N/A          90%         2    ###....
 Call Imp                 Summ           #.......     90%         2    ###....
 Slow                     Hex            #.......     90%         2    ###....
 Conjure Flame            Conj/Fire      #.......     99%         3    ####...
 Mephitic Cloud           Conj/Pois/Air  #.......     99%         3    ####...


Dungeon Overview and Level Annotations

Branches:
Dungeon (5/15)             Temple (0/1) D:4

Altars:
Fedhas
Hepliaklqana
Nemelex Xobeh
Okawaru
Ru
Trog
Zin


Innate Abilities, Weirdness & Mutations

You reflexively headbutt those who attack you in melee.
You have a pair of horns on your head.


Message History

an arrow; a +0 giant club The centaur shoots an arrow.
The arrow barely misses you.
The phantom blinks!
Items here: ( ) [ † 2 arrows; a +0 dagger; a +0 robe; an orc corpse You are too injured to fight recklessly!
The centaur drinks a potion.
The centaur seems to grow stronger.
Items here: ( ) [ † 2 arrows; a +0 dagger; a +0 robe; an orc corpse You hit the centaur but do no damage.
The centaur unwields a +0 shortbow.
The centaur barely misses you.
You closely miss the centaur.
You headbutt the centaur, but do no damage.
The centaur barely misses you.
You hit the centaur but do no damage. Your headbutt misses the centaur.
The centaur hits you.
* * * LOW HITPOINT WARNING * * *
You hit the centaur.
The centaur is lightly wounded.
The centaur hits you.
You die...

#.###### #.####.#
#......#### #.......#
###.......####.......#
.............##.......#
####.......#.##..c....#
#########..#.......#
......#.#.......#
......#@#.......#
......#(c().....#
......##........#
...... #(.......#
...... .....>...#
###..#+#### ##.# .. ...


You could see a centaur.

Vanquished Creatures
  Grinder (D:2)
  2 ogres
  A scorpion (D:4)
  3 howler monkeys (D:4)
  2 bullfrog skeletons (D:4)
  A centaur skeleton (D:4)
  2 orc wizards (D:5)
  Natasha (twice) (D:3)
  3 worker ants (D:4)
  A hound skeleton (D:3)
  5 adders
  3 gnolls (D:4)
  2 oozes (D:1)
  A worm (D:4)
  3 dart slugs (D:1)
  7 orcs
  5 giant cockroaches
  9 goblins
  8 hobgoblins
  7 kobolds
  3 quokkas
  A ball python skeleton (D:4)
  5 bats
  5 frilled lizards
  8 rats
90 creatures vanquished.

Notes
Turn   | Place    | Note
-------+----------+-------------------------------------------
     0 | D:1      | Gynju the Minotaur Fighter began the quest for the Orb.
     0 | D:1      | Reached XP level 1. HP: 19/19 MP: 0/0
   146 | D:1      | Reached skill level 3 in Polearms
   221 | D:1      | Reached XP level 2. HP: 26/26 MP: 1/1
   346 | D:1      | Reached skill level 4 in Polearms
   471 | D:1      | Reached XP level 3. HP: 31/31 MP: 2/2
   952 | D:2      | Found a sacrificial altar of Ru.
  1042 | D:2      | Found a glowing silver altar of Zin.
  1336 | D:2      | Reached skill level 5 in Polearms
  1654 | D:3      | Reached XP level 4. HP: 39/39 MP: 3/3
  1658 | D:3      | Found a hazy altar of Hepliaklqana.
  1691 | D:3      | Found a sparkling altar of Nemelex Xobeh.
  1814 | D:3      | Noticed Natasha
  1822 | D:3      | Killed Natasha
  1822 | D:3      | Reached skill level 6 in Polearms
  1851 | D:3      | Found an iron altar of Okawaru.
  1851 | D:3      | Found a bloodstained altar of Trog.
  1854 | D:3      | Became a worshipper of Warmaster Okawaru
  2175 | D:3      | Noticed Natasha
  2187 | D:3      | Killed Natasha
  2187 | D:3      | Reached XP level 5. HP: 26/45 MP: 4/4
  2352 | D:3      | Noticed Grinder
  2352 | D:3      | Paralysed by Grinder for 7 turns
  2364 | D:3      | Paralysed by Grinder for 7 turns
  2374 | D:3      | Paralysed by Grinder for 6 turns
  2459 | D:2      | Killed Grinder
  2459 | D:2      | Reached * piety under Okawaru
  2459 | D:2      | Reached skill level 8 in Polearms
  2459 | D:2      | Reached XP level 6. HP: 10/51 MP: 5/5
  2927 | D:3      | Found a blossoming altar of Fedhas.
  3164 | D:4      | Reached skill level 9 in Polearms
  3169 | D:4      | Found a staircase to the Ecumenical Temple.
  3175 | D:4      | Reached XP level 7. HP: 50/57 MP: 6/6
  3307 | D:4      | Reached ** piety under Okawaru
  3307 | D:4      | Reached skill level 10 in Polearms
  3723 | D:4      | Found a sacrificial altar of Ru.
  3860 | D:5      | Entered Level 5 of the Dungeon
  3895 | D:5      | HP: 2/57 [ogre/+0 giant club (8)]
  3896 | D:5      | Reached skill level 11 in Polearms
  3903 | D:5      | HP: 1/57 [centaur (2)]
  3904 | D:5      | Slain by a centaur

Levels and vault maps discovered:
D:1:      eino_arrival_cavern_e, layout_loops_corners
D:2:      layout_basic, zin_scriptorium, lemuel_coloured_pillars_altar
D:3:      layout_loops_ring, gammafunk_temple_overflow_elements, fedhas_altar_2,
          nicolae_overflow_hidden_temple, nemelex_xobeh_ov_fountains_minmay,
          first_ration, uniq_grinder, uniq_natasha
D:4:      layout_cave_pools, minmay_temple_entry_glass,
          nicolae_ru_the_path_less_chosen
D:5:      lemuel_ratsnest, layout_basic, yredelemnul_altar_generic,
          gup_ossuary_entry_pyramid, serial_glass, glass_columns_b,
          glass_columns_b, gammafunk_ghost_cemetery, minmay_small_thing

Skill      XL: |  1  2  3  4  5  6  7 |
---------------+----------------------+-----
Polearms       | 3 4 5 6 8 9 11 | 11.0
Fighting       | |  3.6
Throwing       | |  0.3
Armour         | |  3.6
Shields        | |  3.6

Action                   |  1- 3 |  4- 6 |  7- 9 || total
-------------------------+-------+-------+-------++-------
Melee: Trident           |   103 |   112 |    66 ||   281
       Headbutt          |    13 |    16 |    10 ||    39
Throw: Boomerang         |       |     8 |       ||     8
  Use: Scroll            |       |     6 |     2 ||     8
  Eat: Chunk             |     2 |     2 |     2 ||     6
       Ration            |       |     1 |       ||     1
Armor: Scale mail        |    24 |    45 |    20 ||    89
Dodge: Dodged            |    23 |    35 |    20 ||    78

Table legend:
 A = Non-vault XP
 B = Vault XP
 C = Vault XP percentage of total XP
 D = Non-vault monster count
 E = Vault monster count
 F = Vault count percentage of total count
                 A         B        C        D         E       F
            +---------+---------+-------+---------+---------+-------
      Total |    1069 |     313 |  22.6 |      88 |       2 |   2.2
            +---------+---------+-------+---------+---------+-------
        D:1 |      64 |       0 |   0.0 |      29 |       0 |   0.0
        D:2 |      15 |     277 |  94.9 |       9 |       1 |  10.0
        D:3 |     142 |      36 |  20.2 |      25 |       1 |   3.8
        D:4 |     644 |       0 |   0.0 |      21 |       0 |   0.0
        D:5 |     204 |       0 |   0.0 |       4 |       0 |   0.0
            +---------+---------+-------+---------+---------+-------
